 Dungeon Sprint DCSS version 0.30-a0-782-ge64f9170bb (webtiles) character file.

Game seed: 16476789103677828039

4627 nuthulu the Grappler (level 10, -3/172 HPs)
             Began as a Troll Berserker on Feb 23, 2023.
             Was an Elder of Trog.
             Slain by a demonic crawler (14 damage)
             ... in the Dungeon (Sprint I: "Red Sonja").
             The game lasted 00:02:39 (893 turns).

nuthulu the Grappler (Troll Berserker)               Turns: 893, Time: 00:02:39

Health: -3/172     AC:  6    Str: 31    XL:     10   Next: 19%
Magic:  9/9        EV: 13    Int:  3    God:    Trog [****..]
Gold:   824        SH:  0    Dex:  9    Spells: 9/9 levels left

rFire   . . .      SeeInvis .      - Unarmed
rCold   . . .      Faith    .    (no shield)
rNeg    . . .      Spirit   .    k - +0 troll leather armour
rPois   +          Reflect  .    (helmet restricted)
rElec   .          Harm     .    (no cloak)
rCorr   .          Rampage  .    (gloves unavailable)
Will    ++...      NoTele   +    (boots unavailable) Stlth
                                 (no amulet)
HPRegen 3.08/turn                j - ring of poison resistance
MPRegen 0.11/turn                (no ring)

@: berserking, strong-willed, regenerating, very quick
A: large, unfitting armour, claws 3, regeneration 1, shaggy fur 1, tough skin 1
a: Renounce Religion, Berserk, Trog's Hand, Brothers in Arms


You were in the Dungeon.
You worshipped Trog.
Trog was greatly pleased with you.
You visited 1 branch You collected 944 gold pieces.
You spent 120 gold pieces at shops.

Inventory:

Armour
 a - a +0 animal skin
 k - a +0 troll leather armour (worn)
Jewellery
 j - a ring of poison resistance (left claw)
Wands
 h - a wand of flame (18)
 i - a wand of paralysis (7)
Scrolls
 g - a scroll of blinking
Potions
 b - 3 potions of curing
 c - a potion of heal wounds
 d - a potion of haste
 e - 2 potions of magic
 f - a potion of berserk rage
 l - 2 potions of mutation {unknown}


   Skills:
 + Level 12.2 Fighting
 + Level 12.2 Dodging
 + Level 14.3 Unarmed Combat


You had 9 spell levels left.
You didn't know any spells.
Your spell library was empty.

Dungeon Overview and Level Annotations

Branches:
Dungeon (1/1)

Altars:
Cheibriados
Dithmenos
Elyvilon
Fedhas
Gozag
Hepliaklqana
Kikubaaqudgha
Makhleb
Nemelex Xobeh
Okawaru
Qazlal
Ru
Sif Muna
Trog
Uskayaw
Vehumet
Wu Jian
Xom
Yredelemnul
Zin
The Shining One
Jiyva
Lugonu

Shops:
D *


Innate Abilities, Weirdness & Mutations

You are too large for most types of armour.
You have claws for hands.
Your natural rate of healing is unusually fast.
You are covered in fur. (AC +1)
You have tough skin. (AC +1)


Message History

You mangle the demonic crawler!!
You feel the power of Trog in you as your rage grows.
You kill the demonic crawler!
Trog accepts your kill. The demonic crawler hits you!
The demonic crawler closely misses you. The demonic crawler hits you!
* * * LOW HITPOINT WARNING * * *
Your Fighting skill increases to level 12!
Your Dodging skill increases to level 12!
Your Unarmed Combat skill increases to level 14!
You barely miss the demonic crawler. You mangle the demonic crawler!!
The demonic crawler is moderately wounded.
You claw the demonic crawler!
The demonic crawler is almost dead.
You scratch the demonic crawler.
The demonic crawler is almost dead.
The demonic crawler hits you!
* * * LOW HITPOINT WARNING * * *
The demonic crawler hits you!
* * * LOW HITPOINT WARNING * * *
The demonic crawler hits you!
* * * LOW HITPOINT WARNING * * *
The demonic crawler completely misses you.
The demonic crawler hits you.
* * * LOW HITPOINT WARNING * * *
The demonic crawler hits you!
* * * LOW HITPOINT WARNING * * *
You barely miss the demonic crawler.
The demonic crawler is almost dead.
The demonic crawler misses you. The demonic crawler barely misses you.
The demonic crawler misses you.
You mangle the demonic crawler!!
You kill the demonic crawler!
Trog accepts your kill.
You mangle the demonic crawler!!
The demonic crawler is moderately wounded.
The demonic crawler hits you but does no damage.
The demonic crawler hits you!
You die...

######################
..').#..'..#__#.@s)..#
).#..+).#..'..'.s#...##+#
####'#####'#__####...'..#
###..#...#.####)§#####..+
__####..##|#§~§.§#..# ##
_____##'#_.))§§..'..#
_.∩...'..._#§§~§§#..#
_..__##_.#'##§#####'###
_____###'#.#.)(.# #.+$#


You could see 2 demonic crawlers.

Vanquished Creatures
  2 centaur warriors (D)
  Sonja (D)
  A deep troll (D)
  An oklob plant (D)
  2 demonic crawlers (D)
  2 kobold demonologists (D)
  A hornet (D)
  Sigmund (D)
  A slime creature (D)
  A yak (D)
  A floating eye (D)
  An ogre (D)
  A jelly (D)
  Ijyb (D)
17 creatures vanquished.

Vanquished Creatures (others)
  2 ballistomycete spores (D)
2 creatures vanquished.

Grand Total: 19 creatures vanquished

Notes
Turn   | Place    | Note
-------+----------+-------------------------------------------
     0 | D        | nuthulu the Troll Berserker began the quest for the Orb.
     0 | D        | Reached XP level 1. HP: 22/22 MP: 0/0
   102 | D        | Noticed Ijyb
   107 | D        | Killed Ijyb
   108 | D        | Reached skill level 4 in Unarmed Combat
   108 | D        | Reached XP level 2. HP: 30/31 MP: 1/1
   154 | D        | Noticed an ogre
   163 | D        | Killed an ogre
   164 | D        | Reached skill level 5 in Fighting
   164 | D        | Reached skill level 5 in Dodging
   164 | D        | Reached skill level 6 in Unarmed Combat
   164 | D        | Reached XP level 3. HP: 16/42 MP: 2/2
   164 | D        | Reached XP level 4. HP: 19/50 MP: 3/3
   214 | D        | Noticed Sigmund
   220 | D        | Killed Sigmund
   220 | D        | Reached ** piety under Trog
   221 | D        | Reached skill level 7 in Unarmed Combat
   221 | D        | Reached XP level 5. HP: 61/61 MP: 4/4
   221 | D        | Reached XP level 6. HP: 68/68 MP: 5/5
   334 | D        | Found a burning altar of Makhleb.
   334 | D        | Found a viscous altar of Jiyva.
   334 | D        | Found a shimmering altar of Xom.
   334 | D        | Found a corrupted altar of Lugonu.
   334 | D        | Noticed a slime creature
   336 | D        | Found an ornate altar of the Wu Jian Council.
   336 | D        | Found a shimmering blue altar of Sif Muna.
   338 | D        | Found a radiant altar of Vehumet.
   343 | D        | Reached skill level 8 in Unarmed Combat
   361 | D        | Found Kuvocad's Assorted Antiques.
   361 | D        | Found an ancient bone altar of Kikubaaqudgha.
   361 | D        | Found a hazy altar of Hepliaklqana.
   361 | D        | Found a hide-covered altar of Uskayaw.
   361 | D        | Found a basalt altar of Yredelemnul.
   361 | D        | Found an opulent altar of Gozag.
   361 | D        | Found a snail-covered altar of Cheibriados.
   361 | D        | Found a sacrificial altar of Ru.
   361 | D        | Found a shadowy altar of Dithmenos.
   361 | D        | Noticed a yak
   366 | D        | Killed a yak
   367 | D        | Found a stormy altar of Qazlal.
   367 | D        | Found a blossoming altar of Fedhas.
   367 | D        | Found a bloodstained altar of Trog.
   367 | D        | Found an iron altar of Okawaru.
   367 | D        | Found a glowing golden altar of the Shining One.
   367 | D        | Found a glowing silver altar of Zin.
   367 | D        | Found a white marble altar of Elyvilon.
   368 | D        | Found a sparkling altar of Nemelex Xobeh.
   372 | D        | Bought a scratched iron ring for 120 gold pieces
   382 | D        | Noticed Sonja
   385 | D        | Killed Sonja
   385 | D        | Reached *** piety under Trog
   386 | D        | Reached skill level 10 in Unarmed Combat
   386 | D        | Reached XP level 7. HP: 81/81 MP: 6/6
   433 | D        | Killed a slime creature
   434 | D        | Reached XP level 8. HP: 84/92 MP: 7/7
   452 | D        | Noticed a kobold demonologist
   452 | D        | Noticed a kobold demonologist
   454 | D        | Paralysed by a floating eye for 4 turns
   462 | D        | Reached skill level 11 in Unarmed Combat
   465 | D        | Noticed a sun demon
   471 | D        | Killed a kobold demonologist
   471 | D        | Reached **** piety under Trog
   482 | D        | Noticed an orange demon
   482 | D        | Killed a kobold demonologist
   483 | D        | Reached skill level 10 in Fighting
   483 | D        | Reached skill level 10 in Dodging
   523 | D        | Noticed a centaur warrior
   527 | D        | Noticed a centaur warrior
   529 | D        | Killed a centaur warrior
   530 | D        | Reached skill level 12 in Unarmed Combat
   530 | D        | Reached XP level 9. HP: 87/102 MP: 8/8
   537 | D        | Killed a centaur warrior
   538 | D        | Reached skill level 13 in Unarmed Combat
   645 | D        | Noticed a deep troll
   654 | D        | Killed a deep troll
   731 | D        | Noticed an oklob plant
   738 | D        | Killed an oklob plant
   738 | D        | Reached ***** piety under Trog
   739 | D        | Reached XP level 10. HP: 103/115 MP: 9/9
   877 | D        | Noticed a demonic crawler
   877 | D        | Noticed a demonic crawler
   877 | D        | Noticed a demonic crawler
   877 | D        | Noticed a demonic crawler
   886 | D        | Killed a demonic crawler
   887 | D        | Reached skill level 14 in Unarmed Combat
   890 | D        | HP: 6/172 [demonic crawler (8)]
   892 | D        | Killed a demonic crawler
   893 | D        | Slain by a demonic crawler

Illustrated notes

Levels and vault maps discovered:
D:        dungeon_sprint_1 [red_sonja_temple_1, red_sonja_temple_small_1]

Skill      XL: |  1  2  3  4  5  6  7  8  9 10 |
---------------+-------------------------------+-----
Fighting       | 3 5 6 8 9 10 11 12 | 12.2
Dodging        | 3 5 6 9 10 11 12 | 12.2
Unarmed Combat | 4 6 7 10 12 13 14 | 14.3

Action                     |  1- 3 |  4- 6 |  7- 9 | 10-12 || total
---------------------------+-------+-------+-------+-------++-------
  Melee: Unarmed           |    10 |    13 |    48 |     9 ||    80
         Punch             |       |     1 |     4 |     1 ||     6
 Invoke: Berserk           |     2 |     1 |     2 |     1 ||     6
         Trog's Hand       |       |       |     1 |     1 ||     2
         Brothers in Arms  |       |       |       |     1 ||     1
    Use: Scroll            |       |     1 |     1 |       ||     2
 Armour: Animal skin       |       |     3 |     3 |       ||     6
         Troll leather arm |       |       |     1 |     4 ||     5
  Dodge: Dodged            |     3 |     6 |    20 |    18 ||    47

Table legend: (Time is in decaauts)
 A = Elapsed time spent in this place.
 B = Non-inter-level travel time spent in this place.
 C = Inter-level travel time spent in this place.
 D = Time resting spent in this place.
 E = Time spent auto-exploring this place.
 F = Levels seen in this place.
 G = Mean time per level.
                   A        B        C        D        E       F      G
               +--------+--------+--------+--------+--------+-----+--------+
         Total |    923 |    923 |      0 |    553 |      0 |   1 |  923.0 |
       Dungeon |    923 |    923 |      0 |    553 |      0 |   1 |  923.0 |
               +--------+--------+--------+--------+--------+-----+--------+

Top non-repeatable levels by time:
       D: 923 daAuts
